cohdb
Replays
Latest Replays
All Replays
Popular Replays
Top Player Replays
Match Explorer
How It Works
Community
CoH3 Stats
Reddit
Sign in to upload your games and track your stats! →
Sign in with Steam
Match 42843999
Unlisted
Match 42843999
Overview
Messages
Build Orders
End
Kettenkrad Recon Vehicle
Construct Infanterie Kompanie
Selects Terror Battlegroup
Selects Machine Gun Camouflage
MG 42 Machine Gun Team
Grenadier Squad
MG 42 Machine Gun Team
Construct Luftwaffe Kompanie
Flak 30 Anti-aircraft Gun Team
221 Scout Car
Selects Interrogate
Jäger Squad
Construct Panzergrenadier Kompanie
Medical Station
Panzergrenadier Squad
Selects Jericho Trumpet
Panzergrenadier Officer Quarters
Jericho Trumpet
Jäger Squad
Luftwaffe Officer Quarters
Pak 40 Anti-tank Gun Team
Selects V1 Rocket Strike
Construct Panzer Kompanie
Jericho Trumpet
Selects Defend the Fatherland
Stoßtruppen Squad
书签SQ
DeadPhoenix
0
0
Comments
sign in to comment!
No comments posted yet!